 Dungeon Sprint DCSS version 0.31-a0-150-g89dc3ad700 (webtiles) character file.

Game seed: 13532762416966171858

182 rocky1 the Cleaver (level 5, -5/85 HPs)
             Began as an Ogre Gladiator on June 9, 2023.
             Was an Initiate of Gozag.
             Slain by a shadow wraith (24 damage)
             ... in the Dungeon (Sprint VII: "The Pits").
             The game lasted 00:01:50 (957 turns).

rocky1 the Cleaver (Ogre Gladiator)                  Turns: 957, Time: 00:01:51

Health: -5/85      AC:  3    Str: 20    XL:     5   Next: 61%
Magic:  5/5        EV: 11    Int:  9    God:    Gozag
Gold:   936        SH:  0    Dex: 10    Spells: 4/4 levels left

rFire   . . .        a - +0 war axe
rCold   . . .        (no shield)
rNeg    . . .        b - +0 robe
rPois   .            c - +0 hat
rElec   .            (no cloak)
rCorr   .            (gloves unavailable)
SInv    .            (boots unavailable)
Will    .....        (no amulet) Stlth
                     (no ring)
HPRegen 0.34/turn    (no ring)
MPRegen 0.09/turn

%: no teleportation
@: berserking, slowed
A: large, unfitting armour, tough skin 1
a: Renounce Religion, Potion Petition, Call Merchant, Bribe Branch


You were in the Dungeon.
You worshipped Gozag.
Gozag was pleased with you.
You visited 1 branch You collected 936 gold pieces.

Inventory:

Hand Weapons
 a - a +0 war axe (weapon)
Missiles
 d - 3 throwing nets (quivered)
 e - a large rock
Armour
 b - a +0 robe (worn)
 c - a +0 hat (worn)
Scrolls
 k - a scroll of blinking
 m - 5 scrolls of amnesia
 n - a scroll of butterflies
Potions
 f - 6 potions of curing
 g - 6 potions of heal wounds
 h - a potion of haste
 i - 4 potions of magic
 j - 2 potions of berserk rage
 l - 2 potions of invisibility


   Skills:
 + Level 5.5 Fighting
 * Level 8.6 Axes
 + Level 2.5 Throwing
 * Level 3.3 Armour
 + Level 4.7 Dodging
 + Level 1.2 Stealth


You had 4 spell levels left.
You didn't know any spells.
Your spell library was empty.

Dungeon Overview and Level Annotations

Branches:
Dungeon (1/1)

Altars:
Ashenzari
Cheibriados
Dithmenos
Elyvilon
Fedhas
Gozag
Hepliaklqana
Kikubaaqudgha
Makhleb
Nemelex Xobeh
Okawaru
Qazlal
Ru
Sif Muna
Trog
Uskayaw
Vehumet
Wu Jian
Xom
Yredelemnul
Zin
The Shining One
Jiyva
Lugonu


Innate Abilities, Weirdness & Mutations

You are too large for most types of armour.
You have tough skin. (AC +1)


Message History

You have reached level 4!
You have reached level 5!
You now have 882 gold pieces (gained 63).
You start waiting.
Done waiting.
You start waiting.
Done waiting.
As you open the door, it creaks loudly!
A jelly comes into view.
The jelly quivers.
You slash the jelly!
Your hands burn!
The jelly is severely wounded.
The jelly barely misses you.
You barely miss the jelly.
The jelly is severely wounded.
The jelly hits you but does no damage.
You slash the jelly!
You kill the jelly!
You now have 936 gold pieces (gained 54).
There is an open door here.
You start waiting.
Done waiting.
You open the door.
You hear a chilling moan.
Deactivating autopickup; reactivate with Ctrl-A.
You closely miss something. Something hits you. Something drains your vigour!
You feel yourself slow down.
A red film seems to cover your vision as you go berserk!
You feel yourself moving faster!
You feel mighty! Something hits you. Something drains your vigour!
You feel as though you will be slow longer.
You miss something. Something hits you!!
You hit something. Something hits you! Something drains your vigour!
You feel as though you will be slow longer.
You miss something. Something hits you.
You hit something. Something hits you!!
* * * LOW HITPOINT WARNING * * *
You barely miss something. Something hits you!!
You die...
Your body crumbles into a pile of gold.

#)#........##.......#
#'###########.......#
#.......# #########
#..###..# #.......#
##.###.##+#
#.......#.+
#..###..#{#
#.......'@#
###########


There were no monsters in sight!

Vanquished Creatures
  A floating eye (D)
  A hound (D)
  A jelly (D)
  An ufetubus (D)
  An orc (D)
  An endoplasm (D)
  2 giant cockroaches (D)
  A goblin (D)
  2 jackals (D)
  A quokka (D)
  2 bats (D)
  2 frilled lizards (D)
  2 rats (D)
18 creatures vanquished.

Notes
Turn   | Place    | Note
-------+----------+-------------------------------------------
     0 | D        | rocky1 the Ogre Gladiator began the quest for the Orb.
     0 | D        | Reached XP level 1. HP: 22/22 MP: 1/1
    19 | D        | Found a bloodstained altar of Trog.
    19 | D        | Found a shimmering blue altar of Sif Muna.
    19 | D        | Found a viscous altar of Jiyva.
    19 | D        | Found a hazy altar of Hepliaklqana.
    19 | D        | Found an opulent altar of Gozag.
    20 | D        | Found a glowing golden altar of the Shining One.
    20 | D        | Found a glowing silver altar of Zin.
    20 | D        | Found a basalt altar of Yredelemnul.
    20 | D        | Found a shimmering altar of Xom.
    20 | D        | Found an ornate altar of the Wu Jian Council.
    20 | D        | Found a sacrificial altar of Ru.
    20 | D        | Found a stormy altar of Qazlal.
    20 | D        | Found an iron altar of Okawaru.
    20 | D        | Found a sparkling altar of Nemelex Xobeh.
    20 | D        | Found a burning altar of Makhleb.
    20 | D        | Found a blossoming altar of Fedhas.
    20 | D        | Found a white marble altar of Elyvilon.
    20 | D        | Found a shadowy altar of Dithmenos.
    20 | D        | Found a snail-covered altar of Cheibriados.
    24 | D        | Found a corrupted altar of Lugonu.
    24 | D        | Found a radiant altar of Vehumet.
    25 | D        | Found a broken altar of Ashenzari.
    25 | D        | Found an ancient bone altar of Kikubaaqudgha.
    25 | D        | Found a hide-covered altar of Uskayaw.
    27 | D        | Became a worshipper of Gozag Ym Sagoz the Greedy
    76 | D        | Reached skill level 4 in Axes
    77 | D        | Reached XP level 2. HP: 29/29 MP: 2/2
   199 | D        | Reached skill level 1 in Armour
   459 | D        | Reached skill level 5 in Axes
   459 | D        | Reached XP level 3. HP: 33/39 MP: 3/3
   634 | D        | Noticed a floating eye
   638 | D        | Killed a floating eye
   639 | D        | Reached skill level 5 in Fighting
   639 | D        | Reached skill level 8 in Axes
   639 | D        | Reached skill level 1 in Stealth
   639 | D        | Reached XP level 4. HP: 50/50 MP: 4/4
   639 | D        | Reached XP level 5. HP: 57/57 MP: 5/5
   957 | D        | Slain by a shadow wraith

Illustrated notes

Levels and vault maps discovered:
D:        pitsprint [storerooms_1, entrance_room_1, metal_vault_5, armoury_1,
          mini_pit_1, grid_room_1, main_hall_1, silver_pit, the_coven_1,
          the_vestibule_1, steel_vault_3, golden_pit, hallway_of_sentries,
          crystal_vault_6, iron_vault_1, final_vault]

Skill      XL: |  1  2  3 |
---------------+----------+-----
Dodging        | 3 4 |  4.7
Axes           | 4 5 8 |  8.6
Fighting       | 3 5 |  5.5
Armour         | 1 3 |  3.3
Stealth        | 1 |  1.2
Throwing       | |  2.5

Action                     |  1- 3 |  4- 6 || total
---------------------------+-------+-------++-------
  Melee: War axe           |    52 |     9 ||    61
    Use: Potion            |       |     1 ||     1
   Stab: Distracted        |     1 |       ||     1
 Armour: Robe              |    26 |     1 ||    27
  Dodge: Dodged            |    42 |     1 ||    43

Table legend: (Time is in decaauts)
 A = Elapsed time spent in this place.
 B = Non-inter-level travel time spent in this place.
 C = Inter-level travel time spent in this place.
 D = Time resting spent in this place.
 E = Time spent auto-exploring this place.
 F = Levels seen in this place.
 G = Mean time per level.
                   A        B        C        D        E       F      G
               +--------+--------+--------+--------+--------+-----+--------+
         Total |    971 |    950 |     21 |    701 |      0 |   1 |  971.0 |
       Dungeon |    971 |    950 |     21 |    701 |      0 |   1 |  971.0 |
               +--------+--------+--------+--------+--------+-----+--------+

Top non-repeatable levels by time:
       D: 971 daAuts
